Rangers vs Sabres

Created - 8 janvier 2021 at 20:32

Goals
1 2 3 OT1 T
Rangers 2 1 0 0 3
Sabres 1 1 1 1 4
Shots
1 2 3 OT1 T
Rangers 7 14 11 3 35
Sabres 5 10 9 6 30

1st period

1. Sabres , Leon Draisaitl 18 (Elias Lindholm 18, Ryan Nugent-Hopkins 30) at 3:23 (PP)
2. Rangers , Connor McDavid 25 (Alexander Radulov 19) at 6:08
3. Rangers , Alexander Radulov 14 (Connor McDavid 35, Matt Niskanen 24) at 7:14

Penalties :
Erik Cernak (NYR) for Hooking (Minor) at 2:17

2nd period

4. Sabres , Kris Letang 10 (Nikolaj Ehlers 9, Kevin Fiala 13) at 10:34
5. Rangers , Connor McDavid 26 (Cam Atkinson 17, Matt Niskanen 25) at 13:49 (PP)

Penalties :
Dmitry Orlov (BUF) for Cross-checking (Minor) at 12:15

3rd period

6. Sabres , Ryan Nugent-Hopkins 14 (Leon Draisaitl 28, Rasmus Dahlin 20) at 4:06

Penalties :
No Penalty

Overtime #1

7. Sabres , Leon Draisaitl 19 (Kris Letang 25, Kevin Fiala 14) at 4:46

Penalties :
No Penalty

Goalie Stats

Andrei Vasilevskiy (NYR), 26 saves from 30 shots - (0,867), OTL, 18-5-3, 64:47 minutes
Matt Murray (BUF), 32 saves from 35 shots - (0,914), W, 21-6-5, 64:47 minutes

Players Stats for Rangers

Player Name              G  A  P  +/- PIM S  H  SB GA TA FO     MP     PP MP  PK MP  
------------------------------------------------------------------------------------
Alexander Radulov        1  1  2   1  0   2  4  0  0  0  0/1    24:40   0:44   0:00 
Andrew Ladd              0  0  0  -1  0   4  0  0  0  0  0/2    16:58   0:50   0:00 
Brandon Pirri            0  0  0  -1  0   0  0  0  0  0  4/8     8:05   0:00   0:00 
Cal Clutterbuck          0  0  0   0  0   0  4  0  0  0  0/0    12:17   0:00   0:32 
Cam Atkinson             0  1  1  -1  0   6  1  0  0  0  2/3    18:44   0:44   0:00 
Connor McDavid           2  1  3   1  0   7  0  0  0  0  13/34  25:01   0:44   0:00 
David Savard             0  0  0  -1  0   1  5  0  0  0  0/0    20:54   0:00   0:32 
Devin Shore              0  0  0  -1  0   0  0  0  0  0  0/0     8:05   0:00   0:00 
Dmitry Kulikov           0  0  0  -1  0   2  1  2  0  0  0/0    15:08   0:00   0:00 
Erik Cernak              0  0  0  -1  2   0  3  0  0  0  0/0    15:07   0:00   0:00 
Matt Niskanen            0  2  2   1  0   3  2  2  0  0  0/0    26:06   0:44   0:34 
Milan Lucic              0  0  0  -1  0   1  2  1  0  0  0/1     8:05   0:00   0:00 
Nick Bonino              0  0  0   0  0   2  0  0  0  0  5/12   12:19   0:00   0:34 
Nick Leddy               0  0  0   2  0   1  0  6  0  0  0/0    24:57   0:44   0:34 
Noel Acciari             0  0  0   0  0   3  1  1  0  0  1/1    13:09   0:50   0:34 
Ryan McDonagh            0  0  0  -1  0   0  1  0  0  0  0/0    21:44   0:50   0:32 
Vincent Trocheck         0  0  0  -1  0   2  5  0  0  0  14/29  19:43   0:50   0:32 
Zach Hyman               0  0  0   2  0   1  1  0  0  0  1/2    22:12   0:50   0:00 

Players Stats for Sabres

Player Name              G  A  P  +/- PIM S  H  SB GA TA FO     MP     PP MP  PK MP  
------------------------------------------------------------------------------------
Adam Pelech              0  0  0   0  0   0  0  0  0  0  0/0    15:15   0:00   0:52 
Carson Soucy             0  0  0   0  0   0  2  0  0  0  0/0     4:29   0:00   0:00 
Christian Djoos          0  0  0   0  0   0  0  0  0  0  0/0    13:37   0:00   0:00 
Dmitry Orlov             0  0  0  -1  2   0  1  0  0  0  0/0    19:52   0:24   0:00 
Elias Lindholm           0  1  1   0  0   3  3  1  0  0  7/16   23:37   0:24   0:48 
Erik Gustafsson          0  0  0   1  0   0  0  0  0  0  0/0    21:54   0:42   0:42 
Jimmy Vesey              0  0  0   0  0   0  1  0  0  0  0/0     8:33   0:00   0:00 
Jonathan Drouin          0  0  0   0  0   2  2  0  0  0  0/0    14:40   0:00   0:16 
Kevin Fiala              0  2  2   1  0   3  1  0  0  0  1/1    23:33   0:42   0:00 
Kris Letang              1  1  2   2  0   5  5  1  0  0  0/0    27:41   0:42   0:42 
Leon Draisaitl           2  1  3   1  0   7  1  1  0  0  23/41  28:04   0:24   1:08 
Luke Glendening          0  0  0   0  0   0  0  0  0  0  1/1     0:13   0:00   0:00 
Michael Grabner          0  0  0   0  0   1  0  0  0  0  0/1     6:12   0:00   0:00 
Nic Dowd                 0  0  0   0  0   1  4  0  0  0  4/7    18:12   0:00   0:56 
Nikolaj Ehlers           0  1  1   0  0   0  1  0  0  0  2/2    22:02   0:42   0:00 
Rasmus Dahlin            0  1  1  -1  0   1  0  0  0  0  0/0    22:35   0:24   0:52 
Ryan Nugent-Hopkins      1  1  2   0  0   3  3  0  0  0  2/4    19:47   0:24   0:00 
Tyler Seguin             0  0  0   0  0   4  5  0  0  0  13/20  22:30   0:42   0:00 

3 Stars

1 - Leon Draisaitl (BUF)
2 - Kris Letang (BUF)
3 - Connor McDavid (NYR)

Power Play

Rangers - 1 on 1 Attempt(s) - 100,00%
Sabres - 1 on 1 Attempt(s) - 100,00%

Penalty Kill

Rangers - 0 on 1 Attempt(s) - 0,00% - Score 0 goal in Penalty Kill
Sabres - 0 on 1 Attempt(s) - 0,00% - Score 0 goal in Penalty Kill

Team Stat

Rangers - Hits : 30 - Faceoff Wins : 40 - Blocked Shots : 12 - Penalty Minutes : 2
Sabres - Hits : 29 - Faceoff Wins : 53 - Blocked Shots : 3 - Penalty Minutes : 2

Official

Referees : Steve Kozari and Michael Markovic
Linesman : James Tobias and Andrew Smith

Game Notes

Luke Glendening is injured at 1:55 of 1st period (Sprained Left Ankle)

Finance

Level 1 -- Attendance: 5540 (85,23%) -- Ticket Income 720 200 $
Level 2 -- Attendance: 4539 (90,78%) -- Ticket Income 363 120 $
Level 3 -- Attendance: 3199 (91,40%) -- Ticket Income 191 940 $
Level 4 -- Attendance: 2733 (89,02%) -- Ticket Income 81 990 $
Luxury Box -- Attendance: 883 (88,30%) -- Ticket Income 203 090 $
Game was played at the Buffalo Pete Center.
Total Attendance: 16894 (88,59%)
Total Ticket Income: 1 560 340 $
Other Income: 764 567 $
Total Income: 2 324 907 $

% Time on Ice - Rangers

Lines # - Real PCT - Wanted PCT - Time Play
Normal Forward
1 - 37% - 43% - 21:22
2 - 28% - 33% - 16:08
3 - 20% - 15% - 11:45
4 - 14% - 9% - 8:05
Normal Defense
1 - 38% - 44% - 21:50
2 - 36% - 33% - 20:22
3 - 26% - 23% - 15:08
4 - 0% - 0% - 0:00
PP Forward
1 - 47% - 53% - 0:44
2 - 53% - 47% - 0:50
PP Defense
1 - 47% - 53% - 0:44
2 - 53% - 47% - 0:50
PK Forward
1 - 52% - 55% - 0:34
2 - 48% - 45% - 0:32
PK Defense
1 - 52% - 55% - 0:34
2 - 48% - 45% - 0:32
PK3 Forward
1 - 0% - 55%
2 - 0% - 45%
PK3 Defense
1 - 0% - 55%
2 - 0% - 45%
44 Forward
1 - 0% - 55%
2 - 0% - 45%
44 Defense
1 - 0% - 55%
2 - 0% - 45%
Last Minute Offensive  - 0:00
Last Minute Defensive  - 0:00
Total
Forward - 60:00
Defense - 60:00

% Time on Ice - Sabres

Lines # - Real PCT - Wanted PCT - Time Play
Normal Forward
1 - 27% - 38% - 15:24
2 - 37% - 35% - 21:20
3 - 25% - 22% - 14:24
4 - 11% - 5% - 6:12
Normal Defense
1 - 34% - 38% - 19:45
2 - 34% - 35% - 19:29
3 - 24% - 22% - 13:37
4 - 8% - 5% - 4:29
PP Forward
1 - 36% - 55% - 0:24
2 - 64% - 45% - 0:42
PP Defense
1 - 64% - 55% - 0:42
2 - 36% - 45% - 0:24
PK Forward
1 - 100% - 60% - 1:34
2 - 0% - 40% - 0:00
PK Defense
1 - 45% - 60% - 0:42
2 - 55% - 40% - 0:52
PK3 Forward
1 - 0% - 60%
2 - 0% - 40%
PK3 Defense
1 - 0% - 60%
2 - 0% - 40%
44 Forward
1 - 0% - 60%
2 - 0% - 40%
44 Defense
1 - 0% - 60%
2 - 0% - 40%
Last Minute Offensive  - 0:00
Last Minute Defensive  - 0:00
Total
Forward - 60:00
Defense - 60:00

Play-by-Play

1st period


0:01 of 1st period - Connor McDavid wins face-off versus Leon Draisaitl in neutral zone.
1:42 of 1st period - Icing by Ryan McDonagh.
1:43 of 1st period - Luke Glendening wins face-off versus Andrew Ladd in Rangers zone.
1:44 of 1st period - Shot by Jonathan Drouin.
1:44 of 1st period - Shot Misses the Net.
1:54 of 1st period - Luke Glendening is hit by Vincent Trocheck and loses puck.
1:55 of 1st period - Luke Glendening from Sabres is injured at 1:55 of 1st period (Sprained Left Ankle).
1:56 of 1st period - Nic Dowd wins face-off versus Nick Bonino in Sabres zone.
1:56 of 1st period - Nic Dowd is hit by Noel Acciari.
1:59 of 1st period - Icing by Rasmus Dahlin.
2:00 of 1st period - Nic Dowd wins face-off versus Nick Bonino in Sabres zone.
2:00 of 1st period - Nic Dowd is hit by Cal Clutterbuck.
2:17 of 1st period - Minor Penalty to Erik Cernak for Hooking.
2:18 of 1st period - Tyler Seguin wins face-off versus Nick Bonino in Rangers zone.
2:46 of 1st period - Nikolaj Ehlers is hit by David Savard and loses puck.
3:19 of 1st period - Shot by Elias Lindholm.
3:19 of 1st period - Shot Misses the Net.
3:21 of 1st period - Shot by Elias Lindholm.
3:21 of 1st period - Shot Misses the Net.
3:23 of 1st period - Shot by Leon Draisaitl.
3:23 of 1st period - Goal by Leon Draisaitl - Rangers : 0 - Sabres : 1.
3:24 of 1st period - Leon Draisaitl wins face-off versus Connor McDavid in neutral zone.
3:31 of 1st period - Icing by Erik Cernak.
3:32 of 1st period - Leon Draisaitl wins face-off versus Connor McDavid in Rangers zone.
3:53 of 1st period - Connor McDavid is hit by Nic Dowd and loses puck.
4:03 of 1st period - Icing by Adam Pelech.
4:04 of 1st period - Brandon Pirri wins face-off versus Leon Draisaitl in Sabres zone.
4:09 of 1st period - Shot by Nick Leddy.
4:09 of 1st period - Shot Misses the Net.
4:11 of 1st period - Shot by Brandon Pirri.
4:11 of 1st period - Shot Blocked by Leon Draisaitl.
4:27 of 1st period - Shot by Milan Lucic.
4:27 of 1st period - Stopped by Matt Murray without a rebound.
4:28 of 1st period - Tyler Seguin wins face-off versus Vincent Trocheck in Sabres zone.
4:28 of 1st period - Tyler Seguin is hit by Vincent Trocheck.
4:37 of 1st period - Rasmus Dahlin is hit by David Savard.
4:41 of 1st period - Shot by Tyler Seguin.
4:41 of 1st period - Shot Misses the Net.
4:52 of 1st period - Icing by Ryan McDonagh.
4:53 of 1st period - Vincent Trocheck wins face-off versus Elias Lindholm in Rangers zone.
4:53 of 1st period - Cam Atkinson is hit by Ryan Nugent-Hopkins and loses puck.
4:57 of 1st period - Icing by David Savard.
4:58 of 1st period - Tyler Seguin wins face-off versus Vincent Trocheck in Rangers zone.
5:11 of 1st period - Andrew Ladd is hit by Nikolaj Ehlers.
6:08 of 1st period - Shot by Connor McDavid.
6:08 of 1st period - Goal by Connor McDavid - Rangers : 1 - Sabres : 1.
6:09 of 1st period - Leon Draisaitl wins face-off versus Nick Bonino in neutral zone.
6:28 of 1st period - Shot by Cal Clutterbuck.
6:28 of 1st period - Shot Misses the Net.
6:56 of 1st period - Icing by Christian Djoos.
6:57 of 1st period - Leon Draisaitl wins face-off versus Connor McDavid in Sabres zone.
7:14 of 1st period - Shot by Alexander Radulov.
7:14 of 1st period - Goal by Alexander Radulov - Rangers : 2 - Sabres : 1.
7:15 of 1st period - Brandon Pirri wins face-off versus Tyler Seguin in neutral zone.
7:15 of 1st period - Ryan McDonagh is hit by Tyler Seguin and loses puck.
7:39 of 1st period - Shot by Kevin Fiala.
7:39 of 1st period - Shot Blocked by Milan Lucic.
7:41 of 1st period - Shot by Kris Letang.
7:41 of 1st period - Stopped by Andrei Vasilevskiy with a rebound.
8:21 of 1st period - Icing by Rasmus Dahlin.
8:22 of 1st period - Vincent Trocheck wins face-off versus Leon Draisaitl in Sabres zone.
8:23 of 1st period - Shot by Cam Atkinson.
8:23 of 1st period - Stopped by Matt Murray without a rebound.
8:24 of 1st period - Connor McDavid wins face-off versus Michael Grabner in Sabres zone.
8:35 of 1st period - Shot by Michael Grabner.
8:35 of 1st period - Stopped by Andrei Vasilevskiy without a rebound.
8:36 of 1st period - Leon Draisaitl wins face-off versus Andrew Ladd in Rangers zone.
8:50 of 1st period - Matt Niskanen is hit by Nic Dowd and loses puck.
9:03 of 1st period - Shot by Cam Atkinson.
9:03 of 1st period - Stopped by Matt Murray without a rebound.
9:04 of 1st period - Tyler Seguin wins face-off versus Connor McDavid in Sabres zone.
9:55 of 1st period - Off-side.
9:56 of 1st period - Nic Dowd wins face-off versus Nick Bonino in neutral zone.
10:19 of 1st period - Shot by Nick Bonino.
10:19 of 1st period - Deflect By Noel Acciari.
10:19 of 1st period - Shot Misses the Net.
12:07 of 1st period - Shot by Connor McDavid.
12:07 of 1st period - Deflect By Zach Hyman.
12:07 of 1st period - Stopped by Matt Murray without a rebound.
12:08 of 1st period - Elias Lindholm wins face-off versus Milan Lucic in Sabres zone.
12:08 of 1st period - Elias Lindholm is hit by Milan Lucic.
12:11 of 1st period - Icing by Rasmus Dahlin.
12:12 of 1st period - Connor McDavid wins face-off versus Elias Lindholm in Sabres zone.
12:30 of 1st period - Icing by Elias Lindholm.
12:31 of 1st period - Brandon Pirri wins face-off versus Elias Lindholm in Sabres zone.
12:34 of 1st period - Shot by Milan Lucic.
12:34 of 1st period - Shot Misses the Net.
12:44 of 1st period - Shot by Milan Lucic.
12:44 of 1st period - Shot Misses the Net.
14:21 of 1st period - Icing by Adam Pelech.
14:22 of 1st period - Leon Draisaitl wins face-off versus Vincent Trocheck in Sabres zone.
14:22 of 1st period - Leon Draisaitl is hit by Vincent Trocheck.
14:27 of 1st period - Michael Grabner is hit by Erik Cernak and loses puck.
15:07 of 1st period - Icing by Leon Draisaitl.
15:08 of 1st period - Leon Draisaitl wins face-off versus Nick Bonino in Sabres zone.
15:08 of 1st period - Leon Draisaitl is hit by Cal Clutterbuck.
15:37 of 1st period - Shot by Nick Bonino.
15:37 of 1st period - Shot Misses the Net.
16:01 of 1st period - Shot by David Savard.
16:01 of 1st period - Stopped by Matt Murray without a rebound.
16:02 of 1st period - Nikolaj Ehlers wins face-off versus Connor McDavid in Sabres zone.
16:20 of 1st period - Icing by Kris Letang.
16:21 of 1st period - Tyler Seguin wins face-off versus Vincent Trocheck in Sabres zone.
16:28 of 1st period - Ryan McDonagh is hit by Tyler Seguin.
17:16 of 1st period - Shot by Elias Lindholm.
17:16 of 1st period - Stopped by Andrei Vasilevskiy without a rebound.
17:17 of 1st period - Leon Draisaitl wins face-off versus Connor McDavid in Rangers zone.
17:34 of 1st period - Shot by Leon Draisaitl.
17:34 of 1st period - Stopped by Andrei Vasilevskiy without a rebound.
17:35 of 1st period - Nick Bonino wins face-off versus Elias Lindholm in Rangers zone.
17:48 of 1st period - Shot by Dmitry Orlov.
17:48 of 1st period - Shot Blocked by Noel Acciari.
19:07 of 1st period - Kris Letang is hit by Matt Niskanen and loses puck.
19:53 of 1st period - Ryan Nugent-Hopkins is hit by Ryan McDonagh and loses puck.
Goals for this period are 2 for Rangers vs 1 for Sabres.
Shots for this period are 7 for Rangers vs 5 for Sabres.

2nd period


0:01 of 2nd period - Connor McDavid wins face-off versus Leon Draisaitl in neutral zone.
0:01 of 2nd period - Connor McDavid is hit by Ryan Nugent-Hopkins.
0:07 of 2nd period - Shot by Zach Hyman.
0:07 of 2nd period - Deflect By Connor McDavid.
0:07 of 2nd period - Shot Misses the Net.
0:27 of 2nd period - Shot by Connor McDavid.
0:27 of 2nd period - Shot Misses the Net.
1:01 of 2nd period - Icing by Dmitry Orlov.
1:02 of 2nd period - Leon Draisaitl wins face-off versus Vincent Trocheck in Sabres zone.
1:04 of 2nd period - Rasmus Dahlin is hit by Cam Atkinson and loses puck.
1:23 of 2nd period - Andrew Ladd is hit by Kris Letang and loses puck.
2:28 of 2nd period - Devin Shore is hit by Kris Letang and loses puck.
2:43 of 2nd period - Shot by Nick Bonino.
2:43 of 2nd period - Shot Misses the Net.
2:46 of 2nd period - Nick Bonino is hit by Kris Letang and loses puck.
3:14 of 2nd period - Icing by Erik Gustafsson.
3:15 of 2nd period - Tyler Seguin wins face-off versus Connor McDavid in Sabres zone.
3:41 of 2nd period - Zach Hyman is hit by Kris Letang and loses puck.
4:23 of 2nd period - Shot by Vincent Trocheck.
4:23 of 2nd period - Shot Misses the Net.
4:25 of 2nd period - Shot by Andrew Ladd.
4:25 of 2nd period - Stopped by Matt Murray with a rebound.
4:27 of 2nd period - Shot by Erik Cernak.
4:27 of 2nd period - Shot Misses the Net.
4:29 of 2nd period - Shot by Cam Atkinson.
4:29 of 2nd period - Stopped by Matt Murray with a rebound.
4:31 of 2nd period - Shot by Dmitry Kulikov.
4:31 of 2nd period - Stopped by Matt Murray without a rebound.
4:32 of 2nd period - Leon Draisaitl wins face-off versus Brandon Pirri in Sabres zone.
4:32 of 2nd period - Leon Draisaitl is hit by Milan Lucic.
4:37 of 2nd period - Nick Leddy is hit by Ryan Nugent-Hopkins and loses puck.
4:50 of 2nd period - Nick Leddy is hit by Elias Lindholm and loses puck.
4:55 of 2nd period - Matt Niskanen is hit by Elias Lindholm and loses puck.
5:53 of 2nd period - Shot by Jonathan Drouin.
5:53 of 2nd period - Stopped by Andrei Vasilevskiy with a rebound.
5:55 of 2nd period - Shot by Nic Dowd.
5:55 of 2nd period - Stopped by Andrei Vasilevskiy without a rebound.
5:56 of 2nd period - Elias Lindholm wins face-off versus Connor McDavid in Rangers zone.
6:54 of 2nd period - Icing by Cam Atkinson.
6:55 of 2nd period - Leon Draisaitl wins face-off versus Vincent Trocheck in Rangers zone.
6:58 of 2nd period - Shot by Ryan Nugent-Hopkins.
6:58 of 2nd period - Shot Blocked by Nick Leddy.
7:04 of 2nd period - Shot by Vincent Trocheck.
7:04 of 2nd period - Shot Misses the Net.
7:10 of 2nd period - Shot by Vincent Trocheck.
7:10 of 2nd period - Shot Misses the Net.
7:12 of 2nd period - Shot by Nick Leddy.
7:12 of 2nd period - Stopped by Matt Murray with a rebound.
7:26 of 2nd period - Andrew Ladd is hit by Leon Draisaitl and loses puck.
7:32 of 2nd period - Icing by Nick Leddy.
7:33 of 2nd period - Leon Draisaitl wins face-off versus Vincent Trocheck in Rangers zone.
8:15 of 2nd period - Adam Pelech is hit by Alexander Radulov and loses puck.
8:50 of 2nd period - Zach Hyman is hit by Jonathan Drouin and loses puck.
9:27 of 2nd period - Shot by Ryan Nugent-Hopkins.
9:27 of 2nd period - Deflect By Tyler Seguin.
9:27 of 2nd period - Stopped by Andrei Vasilevskiy without a rebound.
9:28 of 2nd period - Nick Bonino wins face-off versus Elias Lindholm in Rangers zone.
9:47 of 2nd period - Shot by Noel Acciari.
9:47 of 2nd period - Stopped by Matt Murray without a rebound.
9:48 of 2nd period - Vincent Trocheck wins face-off versus Leon Draisaitl in Sabres zone.
9:54 of 2nd period - Shot by Cam Atkinson.
9:54 of 2nd period - Deflect By Vincent Trocheck.
9:54 of 2nd period - Stopped by Matt Murray without a rebound.
9:55 of 2nd period - Vincent Trocheck wins face-off versus Leon Draisaitl in Sabres zone.
10:24 of 2nd period - Shot by Matt Niskanen.
10:24 of 2nd period - Stopped by Matt Murray without a rebound.
10:25 of 2nd period - Tyler Seguin wins face-off versus Brandon Pirri in Sabres zone.
10:32 of 2nd period - Shot by Nikolaj Ehlers.
10:32 of 2nd period - Shot Blocked by Dmitry Kulikov.
10:34 of 2nd period - Shot by Kris Letang.
10:34 of 2nd period - Goal by Kris Letang - Rangers : 2 - Sabres : 2.
10:35 of 2nd period - Nick Bonino wins face-off versus Elias Lindholm in neutral zone.
10:37 of 2nd period - Noel Acciari is hit by Carson Soucy and loses puck.
10:44 of 2nd period - Noel Acciari is hit by Nic Dowd and loses puck.
10:53 of 2nd period - Kris Letang is hit by Cal Clutterbuck and loses puck.
11:30 of 2nd period - Icing by Vincent Trocheck.
11:31 of 2nd period - Vincent Trocheck wins face-off versus Tyler Seguin in Rangers zone.
11:31 of 2nd period - Matt Niskanen is hit by Kevin Fiala and loses puck.
11:40 of 2nd period - Shot by Cam Atkinson.
11:40 of 2nd period - Stopped by Matt Murray without a rebound.
11:41 of 2nd period - Kevin Fiala wins face-off versus Zach Hyman in Sabres zone.
12:07 of 2nd period - Shot by Tyler Seguin.
12:07 of 2nd period - Stopped by Andrei Vasilevskiy without a rebound.
12:08 of 2nd period - Vincent Trocheck wins face-off versus Nic Dowd in Rangers zone.
12:08 of 2nd period - Vincent Trocheck is hit by Nic Dowd.
12:14 of 2nd period - David Savard is hit by Dmitry Orlov and loses puck.
12:15 of 2nd period - Minor Penalty to Dmitry Orlov for Cross-checking.
12:16 of 2nd period - Vincent Trocheck wins face-off versus Elias Lindholm in Sabres zone.
12:26 of 2nd period - Vincent Trocheck is hit by Kris Letang and loses puck.
13:19 of 2nd period - Shot by Connor McDavid.
13:19 of 2nd period - Stopped by Matt Murray without a rebound.
13:20 of 2nd period - Connor McDavid wins face-off versus Leon Draisaitl in Sabres zone.
13:21 of 2nd period - Shot by Matt Niskanen.
13:21 of 2nd period - Stopped by Matt Murray without a rebound.
13:22 of 2nd period - Connor McDavid wins face-off versus Elias Lindholm in Sabres zone.
13:47 of 2nd period - Shot by Cam Atkinson.
13:47 of 2nd period - Stopped by Matt Murray with a rebound.
13:49 of 2nd period - Shot by Connor McDavid.
13:49 of 2nd period - Goal by Connor McDavid - Rangers : 3 - Sabres : 2.
13:50 of 2nd period - Tyler Seguin wins face-off versus Brandon Pirri in neutral zone.
14:52 of 2nd period - Off-side.
14:53 of 2nd period - Vincent Trocheck wins face-off versus Ryan Nugent-Hopkins in neutral zone.
15:04 of 2nd period - Shot by Vincent Trocheck.
15:04 of 2nd period - Stopped by Matt Murray without a rebound.
15:05 of 2nd period - Connor McDavid wins face-off versus Leon Draisaitl in Sabres zone.
15:18 of 2nd period - Shot by Rasmus Dahlin.
15:18 of 2nd period - Stopped by Andrei Vasilevskiy with a rebound.
15:20 of 2nd period - Shot by Nic Dowd.
15:20 of 2nd period - Deflect By Leon Draisaitl.
15:20 of 2nd period - Stopped by Andrei Vasilevskiy without a rebound.
15:21 of 2nd period - Vincent Trocheck wins face-off versus Leon Draisaitl in Rangers zone.
15:42 of 2nd period - Shot by Leon Draisaitl.
15:42 of 2nd period - Stopped by Andrei Vasilevskiy without a rebound.
15:43 of 2nd period - Tyler Seguin wins face-off versus Connor McDavid in Rangers zone.
15:50 of 2nd period - Shot by Nikolaj Ehlers.
15:50 of 2nd period - Shot Blocked by Nick Leddy.
15:52 of 2nd period - Shot by Erik Gustafsson.
15:52 of 2nd period - Shot Misses the Net.
15:54 of 2nd period - Shot by Kris Letang.
15:54 of 2nd period - Stopped by Andrei Vasilevskiy without a rebound.
15:55 of 2nd period - Leon Draisaitl wins face-off versus Vincent Trocheck in Rangers zone.
16:18 of 2nd period - David Savard is hit by Jonathan Drouin and loses puck.
16:33 of 2nd period - Shot by Andrew Ladd.
16:33 of 2nd period - Stopped by Matt Murray without a rebound.
16:34 of 2nd period - Tyler Seguin wins face-off versus Connor McDavid in Sabres zone.
16:34 of 2nd period - Tyler Seguin is hit by Zach Hyman.
17:26 of 2nd period - Noel Acciari is hit by Tyler Seguin and loses puck.
17:41 of 2nd period - Kris Letang is hit by Erik Cernak and loses puck.
18:28 of 2nd period - Shot by Leon Draisaitl.
18:28 of 2nd period - Stopped by Andrei Vasilevskiy without a rebound.
18:29 of 2nd period - Leon Draisaitl wins face-off versus Brandon Pirri in Rangers zone.
18:48 of 2nd period - Shot by Milan Lucic.
18:48 of 2nd period - Shot Misses the Net.
19:56 of 2nd period - David Savard is hit by Jimmy Vesey and loses puck.
Goals for this period are 1 for Rangers vs 1 for Sabres.
Shots for this period are 14 for Rangers vs 10 for Sabres.

3rd period


0:01 of 3rd period - Elias Lindholm wins face-off versus Connor McDavid in neutral zone.
0:01 of 3rd period - Kris Letang is hit by Alexander Radulov and loses puck.
0:10 of 3rd period - Shot by Alexander Radulov.
0:10 of 3rd period - Shot Blocked by Kris Letang.
0:12 of 3rd period - Shot by Matt Niskanen.
0:12 of 3rd period - Stopped by Matt Murray without a rebound.
0:13 of 3rd period - Vincent Trocheck wins face-off versus Tyler Seguin in Sabres zone.
0:33 of 3rd period - Shot by Tyler Seguin.
0:33 of 3rd period - Stopped by Andrei Vasilevskiy without a rebound.
0:34 of 3rd period - Leon Draisaitl wins face-off versus Alexander Radulov in Rangers zone.
0:35 of 3rd period - Shot by Ryan Nugent-Hopkins.
0:35 of 3rd period - Shot Misses the Net.
0:43 of 3rd period - Shot by Leon Draisaitl.
0:43 of 3rd period - Shot Blocked by Nick Leddy.
0:48 of 3rd period - Icing by Matt Niskanen.
0:49 of 3rd period - Tyler Seguin wins face-off versus Connor McDavid in Rangers zone.
0:58 of 3rd period - Shot by Tyler Seguin.
0:58 of 3rd period - Shot Blocked by Nick Leddy.
1:11 of 3rd period - Zach Hyman is hit by Tyler Seguin and loses puck.
1:18 of 3rd period - Rasmus Dahlin is hit by Alexander Radulov and loses puck.
1:42 of 3rd period - Icing by David Savard.
1:43 of 3rd period - Ryan Nugent-Hopkins wins face-off versus Vincent Trocheck in Rangers zone.
1:58 of 3rd period - Shot by Elias Lindholm.
1:58 of 3rd period - Shot Misses the Net.
2:02 of 3rd period - Shot by Elias Lindholm.
2:02 of 3rd period - Stopped by Andrei Vasilevskiy without a rebound.
2:03 of 3rd period - Nick Bonino wins face-off versus Nic Dowd in Rangers zone.
2:14 of 3rd period - Shot by Noel Acciari.
2:14 of 3rd period - Stopped by Matt Murray with a rebound.
2:16 of 3rd period - Shot by Nick Bonino.
2:16 of 3rd period - Shot Misses the Net.
2:18 of 3rd period - Shot by Dmitry Kulikov.
2:18 of 3rd period - Stopped by Matt Murray with a rebound.
3:00 of 3rd period - Icing by Erik Gustafsson.
3:01 of 3rd period - Connor McDavid wins face-off versus Tyler Seguin in Sabres zone.
3:12 of 3rd period - Shot by Connor McDavid.
3:12 of 3rd period - Stopped by Matt Murray without a rebound.
3:13 of 3rd period - Vincent Trocheck wins face-off versus Leon Draisaitl in Sabres zone.
3:22 of 3rd period - Shot by Andrew Ladd.
3:22 of 3rd period - Stopped by Matt Murray without a rebound.
3:23 of 3rd period - Connor McDavid wins face-off versus Tyler Seguin in Sabres zone.
3:40 of 3rd period - Shot by Connor McDavid.
3:40 of 3rd period - Stopped by Matt Murray with a rebound.
3:54 of 3rd period - Shot by Kevin Fiala.
3:54 of 3rd period - Shot Misses the Net.
3:56 of 3rd period - Shot by Tyler Seguin.
3:56 of 3rd period - Stopped by Andrei Vasilevskiy without a rebound.
3:57 of 3rd period - Leon Draisaitl wins face-off versus Cam Atkinson in Rangers zone.
4:06 of 3rd period - Shot by Leon Draisaitl.
4:06 of 3rd period - Deflect By Ryan Nugent-Hopkins.
4:06 of 3rd period - Goal by Ryan Nugent-Hopkins - Rangers : 3 - Sabres : 3.
4:07 of 3rd period - Noel Acciari wins face-off versus Leon Draisaitl in neutral zone.
4:18 of 3rd period - Shot by Cal Clutterbuck.
4:18 of 3rd period - Shot Blocked by Elias Lindholm.
4:26 of 3rd period - Shot by Ryan Nugent-Hopkins.
4:26 of 3rd period - Shot Blocked by Dmitry Kulikov.
4:28 of 3rd period - Shot by Leon Draisaitl.
4:28 of 3rd period - Stopped by Andrei Vasilevskiy without a rebound.
4:29 of 3rd period - Connor McDavid wins face-off versus Leon Draisaitl in Rangers zone.
4:59 of 3rd period - Shot by Alexander Radulov.
4:59 of 3rd period - Shot Misses the Net.
5:01 of 3rd period - Shot by Zach Hyman.
5:01 of 3rd period - Deflect By Alexander Radulov.
5:01 of 3rd period - Shot Misses the Net.
5:23 of 3rd period - Kris Letang is hit by Alexander Radulov.
5:26 of 3rd period - Off-side.
5:27 of 3rd period - Cam Atkinson wins face-off versus Tyler Seguin in neutral zone.
5:32 of 3rd period - Shot by Nikolaj Ehlers.
5:32 of 3rd period - Shot Misses the Net.
5:37 of 3rd period - Kris Letang is hit by David Savard and loses puck.
6:38 of 3rd period - Shot by Noel Acciari.
6:38 of 3rd period - Shot Misses the Net.
6:40 of 3rd period - Shot by Nick Bonino.
6:40 of 3rd period - Stopped by Matt Murray without a rebound.
6:41 of 3rd period - Brandon Pirri wins face-off versus Leon Draisaitl in Sabres zone.
7:54 of 3rd period - Shot by Jonathan Drouin.
7:54 of 3rd period - Stopped by Andrei Vasilevskiy without a rebound.
7:55 of 3rd period - Elias Lindholm wins face-off versus Vincent Trocheck in Rangers zone.
8:01 of 3rd period - Jonathan Drouin is hit by David Savard and loses puck.
8:14 of 3rd period - Shot by Andrew Ladd.
8:14 of 3rd period - Stopped by Matt Murray without a rebound.
8:15 of 3rd period - Tyler Seguin wins face-off versus Connor McDavid in Sabres zone.
8:22 of 3rd period - Shot by Kevin Fiala.
8:22 of 3rd period - Stopped by Andrei Vasilevskiy without a rebound.
8:23 of 3rd period - Leon Draisaitl wins face-off versus Connor McDavid in Rangers zone.
8:33 of 3rd period - Icing by David Savard.
8:34 of 3rd period - Tyler Seguin wins face-off versus Connor McDavid in Rangers zone.
9:03 of 3rd period - Shot by Tyler Seguin.
9:03 of 3rd period - Shot Misses the Net.
9:22 of 3rd period - Off-side.
9:23 of 3rd period - Vincent Trocheck wins face-off versus Leon Draisaitl in neutral zone.
9:46 of 3rd period - Ryan Nugent-Hopkins is hit by Vincent Trocheck and loses puck.
10:45 of 3rd period - Shot by Nick Bonino.
10:45 of 3rd period - Deflect By Noel Acciari.
10:45 of 3rd period - Stopped by Matt Murray without a rebound.
10:46 of 3rd period - Connor McDavid wins face-off versus Nic Dowd in Sabres zone.
11:41 of 3rd period - Shot by Nikolaj Ehlers.
11:41 of 3rd period - Shot Misses the Net.
13:01 of 3rd period - Icing by Dmitry Orlov.
13:02 of 3rd period - Leon Draisaitl wins face-off versus Nick Bonino in Sabres zone.
13:02 of 3rd period - Leon Draisaitl is hit by Cal Clutterbuck.
13:22 of 3rd period - Shot by Elias Lindholm.
13:22 of 3rd period - Stopped by Andrei Vasilevskiy with a rebound.
13:26 of 3rd period - Shot by Ryan Nugent-Hopkins.
13:26 of 3rd period - Shot Misses the Net.
13:31 of 3rd period - Leon Draisaitl is hit by Dmitry Kulikov and loses puck.
14:00 of 3rd period - Jonathan Drouin is hit by Erik Cernak and loses puck.
14:26 of 3rd period - Michael Grabner is hit by Matt Niskanen.
14:30 of 3rd period - Shot by Jimmy Vesey.
14:30 of 3rd period - Shot Misses the Net.
14:32 of 3rd period - Shot by Elias Lindholm.
14:32 of 3rd period - Shot Misses the Net.
14:34 of 3rd period - Shot by Jimmy Vesey.
14:34 of 3rd period - Shot Misses the Net.
15:03 of 3rd period - Shot by Kevin Fiala.
15:03 of 3rd period - Stopped by Andrei Vasilevskiy with a rebound.
16:04 of 3rd period - Shot by Connor McDavid.
16:04 of 3rd period - Stopped by Matt Murray without a rebound.
16:05 of 3rd period - Vincent Trocheck wins face-off versus Leon Draisaitl in Sabres zone.
16:49 of 3rd period - Alexander Radulov is hit by Carson Soucy and loses puck.
17:12 of 3rd period - Off-side.
17:13 of 3rd period - Nick Bonino wins face-off versus Tyler Seguin in neutral zone.
17:32 of 3rd period - Shot by Nick Bonino.
17:32 of 3rd period - Stopped by Matt Murray with a rebound.
17:57 of 3rd period - Icing by Rasmus Dahlin.
17:58 of 3rd period - Nikolaj Ehlers wins face-off versus Vincent Trocheck in Sabres zone.
17:58 of 3rd period - Nikolaj Ehlers is hit by Vincent Trocheck.
18:04 of 3rd period - Dmitry Kulikov is hit by Tyler Seguin and loses puck.
18:18 of 3rd period - Off-side.
18:19 of 3rd period - Zach Hyman wins face-off versus Ryan Nugent-Hopkins in neutral zone.
18:26 of 3rd period - Icing by Adam Pelech.
18:27 of 3rd period - Ryan Nugent-Hopkins wins face-off versus Connor McDavid in Sabres zone.
18:43 of 3rd period - Icing by David Savard.
18:44 of 3rd period - Nic Dowd wins face-off versus Connor McDavid in Rangers zone.
18:44 of 3rd period - Nic Dowd is hit by David Savard.
19:39 of 3rd period - Icing by David Savard.
19:40 of 3rd period - Leon Draisaitl wins face-off versus Connor McDavid in Rangers zone.
Goals for this period are 0 for Rangers vs 1 for Sabres.
Shots for this period are 11 for Rangers vs 9 for Sabres.

Overtime #1


0:01 of 1st overtime period - Connor McDavid wins face-off versus Leon Draisaitl in neutral zone.
0:58 of 1st overtime period - Icing by Nick Leddy.
0:59 of 1st overtime period - Elias Lindholm wins face-off versus Vincent Trocheck in Rangers zone.
1:17 of 1st overtime period - Icing by Kevin Fiala.
1:18 of 1st overtime period - Elias Lindholm wins face-off versus Connor McDavid in Sabres zone.
1:31 of 1st overtime period - Shot by Kevin Fiala.
1:31 of 1st overtime period - Stopped by Andrei Vasilevskiy without a rebound.
1:32 of 1st overtime period - Vincent Trocheck wins face-off versus Leon Draisaitl in Rangers zone.
1:34 of 1st overtime period - Icing by Matt Niskanen.
1:35 of 1st overtime period - Leon Draisaitl wins face-off versus Vincent Trocheck in Rangers zone.
1:51 of 1st overtime period - Shot by Leon Draisaitl.
1:51 of 1st overtime period - Shot Misses the Net.
1:55 of 1st overtime period - Shot by Ryan Nugent-Hopkins.
1:55 of 1st overtime period - Stopped by Andrei Vasilevskiy with a rebound.
1:57 of 1st overtime period - Shot by Leon Draisaitl.
1:57 of 1st overtime period - Shot Misses the Net.
2:13 of 1st overtime period - Shot by Ryan Nugent-Hopkins.
2:13 of 1st overtime period - Shot Blocked by Matt Niskanen.
2:15 of 1st overtime period - Shot by Kris Letang.
2:15 of 1st overtime period - Stopped by Andrei Vasilevskiy without a rebound.
2:16 of 1st overtime period - Cam Atkinson wins face-off versus Elias Lindholm in Rangers zone.
2:16 of 1st overtime period - Cam Atkinson is hit by Elias Lindholm.
2:38 of 1st overtime period - Shot by Alexander Radulov.
2:38 of 1st overtime period - Stopped by Matt Murray without a rebound.
2:39 of 1st overtime period - Connor McDavid wins face-off versus Leon Draisaitl in Sabres zone.
3:01 of 1st overtime period - Shot by Connor McDavid.
3:01 of 1st overtime period - Stopped by Matt Murray without a rebound.
3:02 of 1st overtime period - Leon Draisaitl wins face-off versus Vincent Trocheck in Sabres zone.
3:27 of 1st overtime period - Off-side.
3:28 of 1st overtime period - Elias Lindholm wins face-off versus Connor McDavid in neutral zone.
3:39 of 1st overtime period - Shot by Ryan Nugent-Hopkins.
3:39 of 1st overtime period - Stopped by Andrei Vasilevskiy with a rebound.
4:16 of 1st overtime period - Shot by Cam Atkinson.
4:16 of 1st overtime period - Stopped by Matt Murray without a rebound.
4:17 of 1st overtime period - Leon Draisaitl wins face-off versus Vincent Trocheck in Sabres zone.
4:26 of 1st overtime period - Shot by Leon Draisaitl.
4:26 of 1st overtime period - Shot Blocked by Nick Leddy.
4:28 of 1st overtime period - Shot by Kris Letang.
4:28 of 1st overtime period - Shot Blocked by Nick Leddy.
4:30 of 1st overtime period - Shot by Kris Letang.
4:30 of 1st overtime period - Shot Misses the Net.
4:32 of 1st overtime period - Shot by Kris Letang.
4:32 of 1st overtime period - Stopped by Andrei Vasilevskiy without a rebound.
4:33 of 1st overtime period - Leon Draisaitl wins face-off versus Connor McDavid in Rangers zone.
4:42 of 1st overtime period - Shot by Kevin Fiala.
4:42 of 1st overtime period - Shot Blocked by Matt Niskanen.
4:44 of 1st overtime period - Shot by Kris Letang.
4:44 of 1st overtime period - Shot Misses the Net.
4:46 of 1st overtime period - Shot by Leon Draisaitl.
4:46 of 1st overtime period - Goal by Leon Draisaitl - Rangers : 3 - Sabres : 4.
Goals for this period are 0 for Rangers vs 1 for Sabres.
Shots for this period are 3 for Rangers vs 6 for Sabres.